 Dungeon Crawl Stone Soup version 0.27-a0-423-gf312af23e9 (webtiles) character file.

Game seed: 16894765369478510870

96 rageheart7 the Cutter (level 4, -10/28 (30) HPs)
             Began as a Kobold Monk on Feb 26, 2021.
             Mangled by Crazy Yiuf
             ... wielding a +2 quarterstaff of chaos
              (12 damage)
             ... on level 3 of the Dungeon.
             The game lasted 00:05:56 (2828 turns).

rageheart7 the Cutter (Kobold Monk)                 Turns: 2828, Time: 00:05:57

HP:   -10/28 (30)   AC:  2    Str:  9    XL:     4   Next: 98%
MP:   4/4           EV: 16    Int: 11    God:
Gold: 126           SH:  0    Dex: 17    Spells: 3/3 levels left

rFire    + . .     SeeInvis .   a - +1 short sword
rCold    + + .     Faith    .   (shield restricted)
rNeg     . . .     Spirit   .   b - +0 robe
rPois    +         Reflect  .   (no helmet)
rElec    +         Harm     .   (no cloak)
rCorr    +         Rampage  .   (no gloves)
Will     .....     Rnd*Rage +   (no boots)
Stlth    +++.......             (no amulet)
HPRegen  0.09/turn              (no ring)
MPRegen  0.09/turn              (no ring)

@: brilliant, resistant, hasted, drained, very quick
A: small, berserk 1, cold resistance 1, nightstalker 3
a: no special abilities


You were on level 3 of the Dungeon.
You visited 1 branch of the dungeon, and saw 3 of its levels.

You collected 126 gold pieces.

Inventory:

Hand Weapons
 a - a +1 short sword (weapon)
Armour
 b - a +0 robe (worn)
Scrolls
 e - a scroll of fog {unknown}
 f - a scroll of blinking
 h - a scroll of fear
 j - 2 scrolls of noise
 k - a scroll of identify


   Skills:
 * Level 4.8 Fighting
 + Level 5.5 Short Blades
 - Level 3.6 Dodging
 - Level 2.6 Stealth


You had 3 spell levels left.
You didn't know any spells.
Your spell library was empty.

Dungeon Overview and Level Annotations

Branches:
Dungeon (3/15)

Altars:
Gozag
Qazlal

Shops:
D:2 *

Annotations:
D:3 Crazy Yiuf, Robin


Innate Abilities, Weirdness & Mutations

You are small and have problems with some larger weapons.
You are completely attuned to the shadows.
You tend to lose your temper in combat.
Your flesh is cold resistant. (rC+)


Message History

You hit Crazy Yiuf.
Crazy Yiuf is heavily wounded.
You closely miss Crazy Yiuf.
Crazy Yiuf is heavily wounded.
Crazy Yiuf closely misses you.
Crazy Yiuf cries, "Flower sizzlefizz infinity!"
It was a potion of haste.
You feel as though your hastened speed will last longer.
It was a potion of brilliance.
You feel clever all of a sudden.
It was a potion of curing.
You feel better.
You hit Crazy Yiuf.
Crazy Yiuf is severely wounded.
Crazy Yiuf yells, "Fluff!
Flower childish pizzabubble."
Crazy Yiuf hits you with a +2 quarterstaff of chaos.
* * * LOW HITPOINT WARNING * * *
Crazy Yiuf draws strength from your wounds!
You hit Crazy Yiuf but do no damage.
Crazy Yiuf is heavily wounded.
You hit Crazy Yiuf but do no damage.
Crazy Yiuf is heavily wounded.
Crazy Yiuf misses you.
You hit Crazy Yiuf but do no damage.
Crazy Yiuf is heavily wounded.
You hit Crazy Yiuf but do no damage.
Crazy Yiuf is heavily wounded.
Crazy Yiuf laughs, "East!
Sif Muna rumpyflump blue."
Crazy Yiuf hits you with a +2 quarterstaff of chaos.
* * * LOW HITPOINT WARNING * * *
You hit Crazy Yiuf.
Crazy Yiuf is severely wounded.
You hit Crazy Yiuf but do no damage.
Crazy Yiuf is severely wounded.
Crazy Yiuf barely misses you.
You hit Crazy Yiuf.
Crazy Yiuf is severely wounded.
You hit Crazy Yiuf.
Crazy Yiuf is almost dead.
Crazy Yiuf hits you with a +2 quarterstaff of chaos!
You die...

####♣♣ #####
##....♣♣ ♣♣#..)#
#......♣♣♣♣.'...#
#.....P†♣g.♣#...#
**
#.#....♣@♣♣♣#####
******, #.###♣♣♣♣♣
*,,,,,, #.#
*,***** #.# *##
***
#.#############.#*
#..........†.....*
########.........*
*** #.........*
*,* #####.####*
*,*


You could see Crazy Yiuf.

Vanquished Creatures
  2 adders (D:2)
  An ooze (D:3)
  A worm (D:2)
  A dart slug (D:1)
  A leopard gecko (D:1)
  An orc (D:3)
  10 giant cockroaches
  7 goblins
  10 hobgoblins
  A quokka (D:3)
  3 ball pythons
  9 bats
  5 frilled lizards
  6 kobolds
  6 rats
64 creatures vanquished.

Vanquished Creatures (others)
  3 fungi (D:3)
3 creatures vanquished.

Grand Total: 67 creatures vanquished

Notes
Turn   | Place    | Note
-------+----------+-------------------------------------------
     0 | D:1      | rageheart7 the Kobold Monk began the quest for the Orb.
     0 | D:1      | Reached XP level 1. HP: 14/14 MP: 1/1
   197 | D:1      | Reached XP level 2. HP: 20/20 MP: 2/2
   566 | D:1      | Reached XP level 3. HP: 24/24 MP: 3/3
  1220 | D:2      | Reached XP level 4. HP: 30/30 MP: 4/4
  1333 | D:2      | Reached skill level 5 in Short Blades
  1584 | D:2      | Found an opulent altar of Gozag.
  2236 | D:2      | Found Gozag's Platinum Reserve.
  2466 | D:2      | Found a stormy altar of Qazlal.
  2557 | D:3      | Gained mutation: You tend to lose your temper in combat.
                  | [potion of mutation]
  2557 | D:3      | Gained mutation: Your flesh is cold resistant. (rC+)
                  | [potion of mutation]
  2715 | D:3      | Noticed Robin
  2794 | D:3      | Found a runed translucent door.
  2797 | D:3      | Noticed Crazy Yiuf
  2810 | D:3      | HP: 1/28 [Crazy Yiuf/+2 quarterstaff of chaos (2)]
  2824 | D:3      | HP: 1/28 [Crazy Yiuf/+2 quarterstaff of chaos (2)]
  2828 | D:3      | Mangled by Crazy Yiuf

Illustrated notes

Levels and vault maps discovered:
D:1:      dpeg_arrival_shelter, layout_loops_ring
D:2:      minmay_roachtagon, layout_loops_corners,
          nicolae_gozag_zags_fifth_avenue, lemuel_coloured_pillars_altar,
          hangedman_abyss_or_decor_lesser_grid, minmay_bisected
D:3:      layout_rooms, minmay_crystal_room, st_stairs_9, uniq_terence,
          uniq_crazy_yiuf_cottage, uniq_robin

Skill      XL: |  1  2  3  4 |
---------------+-------------+-----
Fighting       | 4 |  4.8
Short Blades   | 5 |  5.5
Dodging        | |  3.6
Stealth        | |  2.6

Action                   |  1- 3 |  4- 6 || total
-------------------------+-------+-------++-------
Melee: Short sword       |    75 |   115 ||   190
  Use: Scroll            |       |     6 ||     6
       Potion            |       |     5 ||     5
 Stab: Sleeping          |    16 |    12 ||    28
Armor: Robe              |    10 |     6 ||    16
Dodge: Dodged            |    41 |    51 ||    92

Table legend: (Time is in decaauts)
 A = Elapsed time spent in this place.
 B = Non-inter-level travel time spent in this place.
 C = Inter-level travel time spent in this place.
 D = Time resting spent in this place.
 E = Time spent auto-exploring this place.
 F = Levels seen in this place.
 G = Mean time per level.
                   A        B        C        D        E       F      G
               +--------+--------+--------+--------+--------+-----+--------+
         Total |   2793 |   2688 |    105 |    374 |   1863 |   3 |  931.0 |
       Dungeon |   2793 |   2688 |    105 |    374 |   1863 |   3 |  931.0 |
               +--------+--------+--------+--------+--------+-----+--------+

Top non-repeatable levels by time:
     D:2: 1523 daAuts
     D:1: 1001 daAuts
     D:3: 267 daAuts
